 Dungeon Crawl Stone Soup version 0.14.0-7-g2801ba0 (webtiles) character file.

1533 RogerD the Ducker (level 8, -1/78 HPs)
             Began as a Troll Berserker on Apr 13, 2014.
             Was an Elder of Trog.
             Killed by nerve-wracking pain
             ... invoked by an orc priest
              (8 damage)
             ... on Level 6 of the Dungeon.
             The game lasted 00:37:08 (3447 turns).

RogerD the Ducker (Troll Berserker)                 Turns: 3447, Time: 00:37:10

HP  -1/78        AC  5     Str 26      XL: 8   Next: 29%
MP   3/3         EV 11     Int  7      God: Trog [****..]
Gold 256         SH 17     Dex 11      Spells:  0 memorised,  7 levels left

rFire  . . .     SeeInvis .       - Unarmed
rCold  . . .     Clarity  .     b - +0 animal skin
rNeg   . . .     Conserve .     B - +0 shield
rPois  .         rCorr    .     (helmet restricted)
rElec  .         rRot     .     (no cloak)
SustAb . .       Spirit   .     (gloves unavailable)
rMut   +         Warding  .     (boots unavailable)
Gourm  +         Stasis   .     c - amulet of resist mutation {unknown}
MR     .....                    q - +1 ring of evasion
                                i - +4 ring of intelligence

@: not resistant to hostile enchantments, unstealthy
A: unfitting armour, claws 3, fast metabolism 3, gourmand, regeneration 2,
saprovore 2, shaggy fur 1, tough skin 2
a: Burn Spellbooks, Berserk, Trog's Hand, Brothers in Arms, Renounce Religion


You were on level 6 of the Dungeon.
You worshipped Trog.
Trog was greatly pleased with you.
You were not hungry.

You visited 1 branch of the dungeon, and saw 6 of its levels.

You collected 256 gold pieces.

Inventory:

Armour
 b - a +0 animal skin (worn)
 f - a +0 robe
 j - a +0 ring mail
 B - a +0 shield (worn)
Comestibles
 a - 2 meat rations
 h - 3 apples
 n - a bread ration
 G - a choko
Scrolls
 d - 2 scrolls of teleportation
 e - a scroll of noise {unknown}
 k - 4 scrolls of identify
 o - a scroll of amnesia {unknown}
 r - 3 scrolls of remove curse
 t - 2 scrolls of enchant weapon II
 u - 2 scrolls of blinking
 y - a scroll of random uselessness {unknown}
 F - a scroll of enchant weapon I {unknown}
 I - a scroll of fog {unknown}
Jewellery
 c - an amulet of resist mutation (around neck) {unknown}
 i - a +4 ring of intelligence (left claw)
 q - a +1 ring of evasion (right claw)
 v - an uncursed ring of teleportation
Potions
 g - 3 potions of curing {unknown}
 l - a potion of confusion {unknown}
 m - a potion of agility {unknown}
 p - a potion of haste {unknown}
 s - 2 potions of resistance {unknown}
 w - a potion of might
 x - a potion of restore abilities {unknown}
 z - a potion of flight {unknown}
 A - a potion of brilliance {unknown}
 C - a potion of magic {unknown}
 D - a potion of berserk rage {unknown}
 H - a potion of heal wounds


   Skills:
 + Level 4.0 Fighting
 + Level 0.1 Throwing
 + Level 6.2 Dodging
 + Level 1.2 Stealth
 + Level 1.9 Shields
 + Level 6.0 Unarmed Combat


You had 7 spell levels left.
You didn't know any spells.

Dungeon Overview and Level Annotations

Branches:
Dungeon (6/15)
 Temple: D:4-7

Altars:
Cheibriados
Elyvilon
Fedhas
Nemelex Xobeh
Okawaru


Innate Abilities, Weirdness & Mutations

You are too large for most types of armour.
You have claws for hands.
Your metabolism is lightning-fast.
You like to eat raw meat.
You heal very quickly.
You can eat rotten meat.
You are covered in fur (AC +1).
You have very tough skin (AC +2).


Message History

You hit the orc wizard.
The orc wizard begins to bleed from its wounds!
The orc wizard is moderately wounded.
The orc wizard hits you with a dagger.
* * * LOW HITPOINT WARNING * * *
The orc priest hits you with a flail!
* * * LOW HITPOINT WARNING * * *
You hit the orc wizard.
The orc wizard is severely wounded.
The orc wizard hits you but does no damage.
The orc priest hits you with a flail.
* * * LOW HITPOINT WARNING * * *
Unknown command.
You claw the orc wizard!
You kill the orc wizard!
Trog accepts your kill.
Trog appreciates your killing of a magic user.
The orc priest invokes the aid of Beogh against you.
Pain shoots through your body!
You die...

# .. .$.. .....
...... #######
......# #....<#
.......o#+#.#####..#
.......)@.....(.....
#######))..#########
#....... #.....###
#.[...# #.....#
......# ..)....#
.....


You could see an orc priest.

Vanquished Creatures
  A soldier ant (D:5)
  A sky beast (D:5)
  2 ogres (D:4)
  A gnoll sergeant (D:5)
  2 killer bees (D:5)
  A goliath beetle (D:5)
  A crimson imp (D:5)
  A gnoll shaman (D:5)
  2 hounds
  2 giant frog skeletons
  A black bear skeleton (D:5)
  A jelly (D:5)
  An orc priest (D:6)
  2 orc wizards (D:6)
  7 worker ants
  4 gnolls (D:5)
  7 adders
  4 giant mites (D:5)
  A worm (D:4)
  3 giant geckos
  2 oozes
  2 orcs
  7 giant cockroaches
  5 goblins
  8 hobgoblins
  6 jackals
  A quokka (D:2)
  7 bats
  A giant newt (D:4)
  A goblin skeleton (D:4)
  10 kobolds
  An orc zombie (D:4)
  13 rats
109 creatures vanquished.

Notes
Turn   | Place    | Note
--------------------------------------------------------------
     0 | D:1      | RogerD, the Troll Berserker, began the quest for the Orb.
     0 | D:1      | Reached XP level 1. HP: 22/22 MP: 1/1
   211 | D:1      | Reached XP level 2. HP: 29/29 MP: 1/1
   707 | D:2      | Found a white marble altar of Elyvilon.
   709 | D:2      | Acquired Trog's second power
   709 | D:2      | Reached XP level 3. HP: 36/36 MP: 2/2
  1185 | D:3      | Reached XP level 4. HP: 34/44 MP: 2/2
  1498 | D:3      | Found a snail-covered altar of Cheibriados.
  1499 | D:3      | Found a white marble altar of Elyvilon.
  1502 | D:3      | Found a blossoming altar of Fedhas.
  1503 | D:3      | Found an iron altar of Okawaru.
  1731 | D:4      | Reached XP level 5. HP: 42/53 MP: 2/2
  1765 | D:4      | Reached skill level 4 in Unarmed Combat
  1774 | D:4      | Found a sparkling altar of Nemelex Xobeh.
  1793 | D:4      | Noticed an ogre
  1794 | D:4      | Noticed an ogre
  1807 | D:4      | Killed an ogre
  1811 | D:4      | Killed an ogre
  1811 | D:4      | Reached XP level 6. HP: 61/61 MP: 3/3
  2200 | D:5      | Entered Level 5 of the Dungeon
  2202 | D:5      | Reached skill level 5 in Unarmed Combat
  2228 | D:5      | Reached skill level 5 in Dodging
  2408 | D:5      | Reached XP level 7. HP: 60/67 MP: 3/3
  2455 | D:5      | Noticed a soldier ant
  2486 | D:5      | Killed a soldier ant
  2486 | D:5      | Reached skill level 1 in Shields
  2561 | D:5      | HP: 3/68 [goliath beetle (26)]
  2861 | D:5      | Reached skill level 1 in Stealth
  2861 | D:5      | Reached XP level 8. HP: 64/78 MP: 3/3
  2981 | D:5      | Reached skill level 6 in Dodging
  3296 | D:5      | Acquired Trog's third power
  3447 | D:6      | Killed from afar by an orc priest

Action                   |  1- 3 |  4- 6 |  7- 9 || total
-------------------------+-------+-------+-------++-------
Melee: Unarmed           |    92 |   130 |   139 ||   361
Throw: Dart              |       |       |     2 ||     2
Invok: Berserk           |       |       |     2 ||     2
  Use: Scroll            |       |     5 |     2 ||     7
       Potion            |       |       |     3 ||     3
 Stab: Sleeping          |       |       |     1 ||     1
